 Dungeon Crawl Stone Soup version 0.28.0-49-g6dfe1f597d (console) character file.

Game seed: 2692017057807787197

4 Faeu the Chopper (level 1, 0/20 HPs)
             Began as a Minotaur Berserker on May 16, 2022.
             Was a Follower of Trog.
             Slain by an endoplasm (3 damage)
             ... on level 1 of the Dungeon.
             The game lasted 00:00:07 (221 turns).

Faeu the Chopper (Minotaur Berserker)                Turns: 221, Time: 00:00:08

Health: 0/20       AC:  2    Str: 21    XL:     1   Next: 58%
Magic:  0/0        EV: 12    Int:  4    God:    Trog [*.....]
Gold:   0          SH:  0    Dex:  9    Spells: 0/0 levels left

rFire   . . .      SeeInvis .   a - +0 hand axe {axe}
rCold   . . .      Faith    .   (no shield)
rNeg    . . .      Spirit   .   b - +0 animal skin
rPois   .          Reflect  .   (helmet restricted)
rElec   .          Harm     .   (no cloak)
rCorr   .          Rampage  .   (no gloves)
Will    .....                   (no boots)
Stlth   +.........              (no amulet)
HPRegen 0.06/turn               (no ring)
MPRegen 0.07/turn               (no ring)

@: no status effects
A: horns 2, retaliatory headbutt
a: Renounce Religion, Berserk


You were on level 1 of the Dungeon.
You worshipped Trog.
Trog was aware of your devotion.
You visited 1 branch of the dungeon, and saw 1 of its levels.


Innate Abilities, Weirdness & Mutations

You have a pair of horns on your head.
You reflexively headbutt those who attack you in melee.


   Skills:
 + Level 3.7 Fighting
 + Level 3.7 Axes
 + Level 2.5 Armour
 + Level 2.3 Dodging


You couldn't memorise any spells.
You didn't know any spells.
Your spell library was empty.

Inventory:

Hand Weapons
 a - a +0 hand axe (weapon) {axe}
Armour
 b - a +0 animal skin (worn)
Scrolls
 c - a scroll of vulnerability {unknown}

Dungeon Overview and Level Annotations

Branches:
Dungeon (1/15)

Altars:

#..# #...#
....## #...##
#...######
######
#.......##.
.....#
#^_†J......
####.#
##..@K....# #.#
##...####...>
#.# ###...## #
#.# #....## #.#
#...##
#.#####..##
#.......## #
###.##### ##
##.##
.####...######..
.'..............


You could see an endoplasm and a kobold.


Message History

No target in view!
Key pressed, stopping explore.
No target in view!
Key pressed, stopping explore.
No target in view!
Key pressed, stopping explore.
No target in view!
c - a scroll labelled VAELOGYMEM No target in view!
Key pressed, stopping explore.
No target in view!
You open the door.
There is an open door here.
You open the door.
There is an open door here.
Found a faded altar of an unknown god.
No target in view! 2 kobolds come into view.
The kobold shouts!
A giant cockroach comes into view.
The kobold moves out of view.
An endoplasm comes into view. 😎 HP[+1]
You now have 20 max hp (+1).
There are monsters nearby!
The kobold hits you with a +0 dagger.
There are monsters nearby!
The endoplasm quivers.
You slash the kobold!
You kill the kobold!
Trog accepts your kill.
There are monsters nearby!
You closely miss the kobold. The kobold hits you but does no damage.
There are monsters nearby!
You hit the giant cockroach. You hit the kobold but do no damage.
The giant cockroach barely misses you.
The kobold hits you with a +0 short sword.
The giant cockroach bites you.
There are monsters nearby!
You are too injured to fight recklessly!
There are monsters nearby!
You are too injured to fight recklessly!
There are monsters nearby!
You are too injured to fight recklessly!
There are monsters nearby!
You are too injured to fight recklessly!
There are monsters nearby!
You are too injured to fight recklessly!
There are monsters nearby!
You are too injured to fight recklessly!
There are monsters nearby!
You are too injured to fight recklessly!
There are monsters nearby!
You are too injured to fight recklessly!
There are monsters nearby!
You are too injured to fight recklessly!
There are monsters nearby!
You are too injured to fight recklessly!
There are monsters nearby!
You are too injured to fight recklessly!
There are monsters nearby!
You are too injured to fight recklessly!
There are monsters nearby!
You are too injured to fight recklessly!
There are monsters nearby!
You are too injured to fight recklessly!
There are monsters nearby!
You are too injured to fight recklessly!
There are monsters nearby!
You are too injured to fight recklessly! 😮 HP[-6]
You take 6 damage, and now have 14/20 hp.
MASSIVE DAMAGE!! (PAUSE)
You closely miss the kobold. You hit the giant cockroach.
The kobold completely misses you. The giant cockroach barely misses you.
The endoplasm closely misses you.
You barely miss the kobold. You hit the giant cockroach.
You kill the giant cockroach!
Trog accepts your kill.
You hit the endoplasm.
The kobold hits you with a +0 short sword.
* * * LOW HITPOINT WARNING * * *
The endoplasm hits you.
* * * LOW HITPOINT WARNING * * *
😨 HP[-6]
You take 6 damage, and now have 8/20 hp.
MASSIVE DAMAGE!! (PAUSE)
You hit the kobold. Your headbutt misses the kobold.
You hit the endoplasm but do no damage.
The kobold hits you with a +0 short sword.
* * * LOW HITPOINT WARNING * * *
The endoplasm freezes you.
You are frozen.
* * * LOW HITPOINT WARNING * * *
😱 HP[-5]
You take 5 damage, and now have 3/20 hp.
MASSIVE DAMAGE!! (PAUSE)
You closely miss the kobold. You barely miss the endoplasm.
The kobold misses you. The endoplasm hits you.
You die...

Action                   || total
-------------------------++-------
Melee: Hand axe          ||    11
       Headbutt          ||     1
Armor: Animal skin       ||     5
Dodge: Dodged            ||    11

Levels and vault maps discovered:
D:1:      amcnicky_arrival_flooded_fountain, layout_loops_corners,
          hellmonk_ecumenical_altar_crossroads

Notes
Turn   | Place    | Note
-------+----------+-------------------------------------------
     0 | D:1      | Faeu the Minotaur Berserker began the quest for the Orb.
     0 | D:1      | Reached XP level 1. HP: 19/19 MP: 0/0
     0 | D:1      | magus.rc [v1.9.6]
   203 | D:1      | Found a faded altar of an unknown god.
   220 | D:1      | HP: 4/20 [kobold/+0 short sword (4)]
   221 | D:1      | Slain by an endoplasm

Vanquished Creatures
  A giant cockroach (D:1)
  A goblin (D:1)
  A kobold (D:1)
  A bat (D:1)
4 creatures vanquished.

Table legend:
 A = Non-vault XP
 B = Vault XP
 C = Vault XP percentage of total XP
 D = Non-vault monster count
 E = Vault monster count
 F = Vault count percentage of total count
                 A         B        C        D         E       F
            +---------+---------+-------+---------+---------+-------
      Total |       7 |       0 |   0.0 |       4 |       0 |   0.0
            +---------+---------+-------+---------+---------+-------
        D:1 |       7 |       0 |   0.0 |       4 |       0 |   0.0
            +---------+---------+-------+---------+---------+-------

Illustrated notes

Table legend:
 A = Kills in this place as a percentage of kills in entire the game.
 B = Kills by you in this place as a percentage of kills by you in the entire game.
 C = Kills by friends in this place as a percentage of kills by friends in the entire game.
 D = Other kills in this place as a percentage of other kills in the entire game.
 E = Experience gained in this place as a percentage of experience gained in the entire game.
 F = Experience gained in this place divided by the number of levels of this place that you have seen.
                   A       B       C       D       E      F
               +-------+-------+-------+-------+-------+----------------------
         Total | 100.0 | 100.0 |   N/A |   N/A | 100.0 |   7.0
       Dungeon | 100.0 | 100.0 |   N/A |   N/A | 100.0 |   7.0
               +-------+-------+-------+-------+-------+----------------------

Table legend: (Time is in decaauts)
 A = Elapsed time spent in this place.
 B = Non-inter-level travel time spent in this place.
 C = Inter-level travel time spent in this place.
 D = Time resting spent in this place.
 E = Time spent auto-exploring this place.
 F = Levels seen in this place.
 G = Mean time per level.
                   A        B        C        D        E       F      G
               +--------+--------+--------+--------+--------+-----+--------+
         Total |    222 |    222 |      0 |      0 |    197 |   1 |  222.0 |
       Dungeon |    222 |    222 |      0 |      0 |    197 |   1 |  222.0 |
               +--------+--------+--------+--------+--------+-----+--------+

Top non-repeatable levels by time:
     D:1: 222 daAuts
